nht, chaotic female elven Wizard .- ...--- ....^.. ......---- .....<...- ---.......| ----.s..- -@.. --. nht the Thaumaturge Experience level: 6 Strength: 13 Dexterity: 11 Constitution: 11 Intelligence: 20 Wisdom: 10 Charisma: 11 Health: 0(35) Energy: 4(62) Def: 1 Gold: 1035 Moves: 650 Dungeon seed: WpHk0DMORplhZ118 Game ID: nht_1434086364 Your Inventory: Coins $ - 1035 gold pieces Amulets J - a cursed amulet of strangulation Weapons a - a blessed +1 quarterstaff (weapon in hands) Armor e - a blessed +0 cloak of magic resistance (being worn) Comestibles V - an uncursed slime mold X - an uncursed food ration Scrolls g - an uncursed scroll of identify l - an uncursed scroll of enchant weapon p - an uncursed scroll of fire A - 3 uncursed scrolls of identify B - an uncursed scroll of light H - a cursed scroll of enchant armor L - a blessed scroll of blank paper R - an uncursed scroll of enchant armor Y - an uncursed scroll of create monster Spellbooks j - an uncursed spellbook of levitation q - a blessed spellbook of blank paper Potions b - an uncursed potion of sleeping f - 2 uncursed potions of water k - a blessed potion of see invisible r - an uncursed potion of blindness O - an uncursed potion of hallucination Q - an uncursed potion of sleeping Z - a cursed potion of monster detection Rings d - an uncursed ring of protection from shape changers w - a cursed -2 ring of protection N - an uncursed ring of regeneration W - an uncursed ring of searching Wands I - a wand of enlightenment (0:13) P - a wand of light (0:11) Tools i - an uncursed oil lamp (0:1331) n - a magic marker (0:70) o - an uncursed tooled horn t - an uncursed towel v - an uncursed skeleton key K - 2 uncursed tallow candles (0:200) M - an uncursed tin whistle Gems y - an uncursed worthless piece of yellow glass Spells known in the end: Name Level Category Fail Memory a - force bolt 1 attack 0% 97% b - magic missile 2 attack 0% 97% c - light 1 divination 0% 97% d - detect monsters 1 divination 0% 97% Your skills at the end: Fighting Skills Weapon Skills quarterstaff [Basic] Spellcasting Skills attack spells [Basic] enchantment spells [Basic] Final Attributes: You were piously aligned. You were sleep resistant. You were magic-protected. You had infravision. You were fast. You are dead. Vanquished creatures: a dog 6 gnome lords 2 gnomish wizards 3 Kop Lieutenants 4 dwarves 3 Kop Sergeants an acid blob 18 gnomes 8 Keystone Kops 2 geckos a jackal 2 foxen 3 goblins a grid bug 55 creatures vanquished. Voluntary challenges: You went without food. You used a wielded weapon 58 times, starting on turn 15. You read items or engraved 10 times, starting on turn 41. You never genocided any monsters. You never polymorphed an object. You never changed form. You used no wishes. You never split a pudding. You wrote Elbereth's name 4 times, starting on turn 394. You never violated your personal moral code. You disabled loading bones files. Dungeon overview: The Dungeons of Doom: levels 1 to 5 Level 1 a fountain a long staircase Level 2 a general store Level 3 a scroll shop Level 4 stairs to The Gnomish Mines Level 5 The Gnomish Mines: levels 5 to 9 Level 5 stairs to The Dungeons of Doom Level 6 Level 7 some shops, a temple to Thoth, some fountains Level 8 Level 9 <- You were here History has recorded: On T:1 you entered the Dungeons of Doom to retrieve the Amulet of Yendor! On T:82 you reached level 2 of The Dungeons of Doom. On T:156 you reached level 3 of The Dungeons of Doom. On T:211 you advanced to experience level 2. On T:212 you advanced to experience level 3. On T:220 you advanced to experience level 4. On T:235 you reached level 4 of The Dungeons of Doom. On T:265 you reached level 5 of The Dungeons of Doom. On T:303 you reached level 1 of The Gnomish Mines. On T:304 you advanced to experience level 5. On T:326 you reached level 2 of The Gnomish Mines. On T:418 you advanced to experience level 6. On T:461 you reached level 3 of The Gnomish Mines. On T:625 you reached level 4 of The Gnomish Mines. On T:640 you reached level 5 of The Gnomish Mines. Score breakdown: Gold: 1035 (10257 points) Experience: 6 levels (12456 points) Exploration: 9 levels ( 19.15%) (12510 points) Discoveries: 12 items ( 4.33%) ( 6244 points) Valuables value: (no points given unless you survive) Artifact value: 0 ( 0 points) Variety of kills: 14 monsters ( 3.69%) ( 5765 points) Time penalty: 650 turns ( 0 points) Survival: died (score multiplied by 80%) Total score: 37785 Latest messages: i - an uncursed partly used candle (lit). x - an uncursed pick-axe. M - an uncursed tin whistle. y - an uncursed yellow gem. A yellow gem lands on the altar. C - 2 uncursed scrolls of magic mapping (unpaid, 200 zorkmids). "For you, good lady; only 300 for this scroll of stinking cloud." h - an uncursed scroll of stinking cloud (unpaid, 300 zorkmids). "For you, most gracious lady; only 100 for this scroll of teleportation." F - an uncursed scroll of teleportation (unpaid, 100 zorkmids). "For you, honored lady; only 100 for this scroll of magic mapping." C - a scroll of magic mapping (unpaid, 100 zorkmids). h - an uncursed scroll of stinking cloud. i - a blessed unlabeled scroll. q - a blessed plain spellbook. You carefully open the chest... You trigger a trap! A tower of flame bursts from the chest! Your scroll of identify catches fire and burns! Your scroll of stinking cloud catches fire and burns! Your scrolls of magic mapping catch fire and burn! Wizard, your life force is running out. Your scroll called ew catches fire and burns! Your scroll of confuse monster catches fire and burns! Your scroll called prat1 catches fire and burns! You die... Final status: Goodbye nht the Wizard, killed by a burning scroll... You died in The Gnomish Mines on dungeon level 9 with 37785 points, and 1035 pieces of gold, after 650 moves. You were level 6 with a maximum of 35 hit points when you died.